 Dungeon Crawl Stone Soup version 0.31.0-12-g77e489cdc1 (webtiles) character file.

Game seed: 9800302941597323829

30 Logoto the Firebug (level 3, -3/26 HPs)
             Began as a Hill Orc Fire Elementalist on Feb 19, 2024.
             Slain by Terence
             ... wielding a +2 short sword of freezing
              (7 damage)
             ... on level 1 of the Dungeon.
             The game lasted 00:03:56 (1223 turns).

Logoto the Firebug (Hill Orc Fire Elementalist)     Turns: 1223, Time: 00:03:57

Health: -3/26      AC:  5    Str: 12    XL:     3   Next: 20%
Magic:  1/5        EV: 10    Int: 15    God:
Gold:   56         SH:  0    Dex: 11    Spells: 2/5 levels left

rFire   . . .        g - +0 war axe
rCold   . . .        (no shield)
rNeg    . . .        c - +0 ring mail
rPois   .            (no helmet)
rElec   .            (no cloak)
rCorr   .            (no gloves)
SInv    .            (no boots)
Will    .....        (no amulet)
Stlth   +            (no ring)
HPRegen 0.24/turn    (no ring)
MPRegen 0.09/turn

%: no passive effects
@: no status effects
A: no striking features
a: no special abilities


You were on level 1 of the Dungeon.
You visited 1 branch of the dungeon, and saw 2 of its levels.

You collected 56 gold pieces.

Inventory:

Hand Weapons
 g - a +0 war axe (weapon)
Armour
 a - a +0 robe
 c - a +0 ring mail (worn)
Scrolls
 d - a scroll of enchant weapon {unknown}
 e - a scroll of teleportation {unknown}
 h - a scroll of summoning {unknown}
Potions
 b - a potion of magic
 f - 3 potions of curing {unknown}


   Skills:
 + Level 0.1 Fighting
 + Level 0.5 Armour
 + Level 2.1 Dodging
 + Level 1.5 Stealth
 + Level 1.7 Spellcasting
 + Level 1.1 Conjurations
 + Level 3.9 Fire Magic


You had 2 spell levels left.
You knew the following spells:

 Your Spells              Type           Power      Damage    Failure   Level
a - Foxfire               Conj/Fire      32%        2x1d5     19%         1
b - Scorch                Fire           26%        2d6       16%         2

Your spell library contained the following spells:

 Spells                   Type           Power      Damage    Failure   Level
 Inner Flame              Hex/Fire       7%         N/A       56%         3
 Volatile Blastmotes      Fire/Tloc      14%        2d11      56%         3
 Flame Wave               Conj/Fire      8%         2d5       88%         4


Dungeon Overview and Level Annotations

Branches:
Dungeon (2/15)

Altars:

Annotations:
D:1 Terence


Message History

Terence hits you with a +2 short sword of freezing!
Terence freezes you.
Casting: Scorch (safe; 16% risk of failure)
Confirm with . or Enter, or press ? or * to list all spells.
Flames lash Terence.
Terence is moderately wounded.
Terence's fire resistance burns away.
You hear a shout!
A bat comes into view.
The frilled lizard bites you but does no damage.
Terence hits you but does no damage.
Casting: Scorch (safe; 16% risk of failure)
Confirm with . or Enter, or press ? or * to list all spells.
You conjure some foxfire!
The frilled lizard bites you but does no damage.
Terence hits you with a +2 short sword of freezing.
Terence freezes you.
The foxfire hits the frilled lizard.
You kill the frilled lizard!
The foxfire hits Terence.
Terence is moderately wounded.
Terence hits you with a +2 short sword of freezing.
Terence freezes you.
You climb upwards.
There is a stone staircase leading down here.
You closely miss Terence.
Terence is moderately wounded.
Terence is no longer more vulnerable to fire.
Terence closely misses you. x2
You hit Terence but do no damage.
Terence is moderately wounded.
Terence hits you with a +2 short sword of freezing.
* * * LOW HITPOINT WARNING * * *
Terence freezes you.
* * * LOW HITPOINT WARNING * * *
Your magical contamination has completely faded away.
Terence attacks as he pursues you!
Terence hits you with a +2 short sword of freezing!
You die...
Terence says, "That felt goooood."

#######.###......##.#†# #.#.##.
#...........#.......#.# #.#.##.
#.###.###....#...####.# #.#.###
#.#...###........# #.# #.#....
#.#.#.##.(.......# #.###.#####
#.#.#............# #.....#####
#.†).............# ####..#....
#...###..........# #..#....
#...#######.##@@.### #..#...#
##.........#.##.....#####..#..#.
#..........#.##.#.>........#....
#.#.#####.......###.#####.......
#.#.# #....#.##............#....
#.#.# #.####.##÷...........#....
#.#.# #.# #.##.#...#####.##...#
#.#.# #.# #(.......# #.##..#.
#.#.###.#######.#...#####.##.#..


You could see Terence.

Vanquished Creatures
  A dart slug (D:1)
  2 ball pythons (D:1)
  2 bats (D:1)
  2 endoplasms (D:1)
  5 giant cockroaches (D:1)
  2 goblins (D:1)
  3 hobgoblins (D:1)
  A quokka (D:1)
  2 frilled lizards
  A kobold (D:1)
  3 rats (D:1)
24 creatures vanquished.

Vanquished Creatures (others)
  25 foxfires
25 creatures vanquished.

Grand Total: 49 creatures vanquished

Notes
Turn   | Place    | Note
-------+----------+-------------------------------------------
     0 | D:1      | Logoto the Hill Orc Fire Elementalist began the quest for
                  | the Orb.
     0 | D:1      | Reached XP level 1. HP: 14/14 MP: 3/3
   259 | D:1      | Reached XP level 2. HP: 20/20 MP: 2/4
   262 | D:1      | Learned a level 2 spell: Scorch
   928 | D:1      | Reached XP level 3. HP: 26/26 MP: 5/5
  1212 | D:2      | Noticed Terence
  1223 | D:1      | Slain by Terence

Illustrated notes

Levels and vault maps discovered:
D:1:      reono_arrival_forest_river, layout_loops_ring,
          hangedman_decor_opposing
D:2:      layout_basic, serial_co_window_serial, co_window_paths_a,
          co_window_paths_a, co_window_corner_a, co_window_paths_b,
          co_window_paths_b, co_window_broadway_b, co_window_paths_c,
          co_window_corner_ca, co_window_4corner_b, glass_columns_a,
          glass_columns_a, uniq_terence

Skill      XL: |  1  2 |
---------------+-------+-----
Dodging        | 2 |  2.1
Fighting       | |  0.1
Armour         | |  0.5
Stealth        | |  1.5
Spellcasting   | |  1.7
Conjurations   | |  1.1
Fire Magic     | |  3.9

Action                     || total
---------------------------++-------
  Melee: Unarmed           ||    17
         War axe           ||    17
   Cast: Foxfire           ||    22
         Scorch            ||     9
   Stab: Sleeping          ||     1
 Armour: Robe              ||    24
         Ring mail         ||    30
  Dodge: Dodged            ||    51
